 Dungeon Crawl Stone Soup version 0.32-a0-468-g38b2580584 (webtiles) character file.

Game seed: 12771393614088419316

18 ezpacito the Trooper (level 2, 0/24 HPs)
             Began as a Demonspawn Chaos Knight on Feb 24, 2024.
             Was a Plaything of Xom.
             Succumbed to a goblin's poison
             ... on level 1 of the Dungeon.
             The game lasted 00:00:34 (170 turns).

ezpacito the Trooper (Demonspawn Chaos Knight)       Turns: 170, Time: 00:00:35

Health: 0/24       AC:  5    Str: 12    XL:     2   Next: 48%
Magic:  2/2        EV: 11    Int: 12    God:    Xom [..*...]
Gold:   40         SH:  0    Dex: 12    Spells: 1/1 levels left

rFire   . . .        a - +0 hand axe (chaos)
rCold   . . .        (no shield)
rNeg    . . .        b - +2 leather armour
rPois   .            (helmet restricted)
rElec   .            (no cloak)
rCorr   .            (no gloves)
SInv    .            (no boots)
Will    +....        (no amulet)
Stlth   +            (no ring)
HPRegen 0.24/turn    (no ring)
MPRegen 0.08/turn

%: no passive effects
@: lethally poisoned (0 -> -1), enlightened, flying
A: horns 1
a: Renounce Religion


You were on level 1 of the Dungeon.
You worshipped Xom.
You were a toy of Xom.
You visited 1 branch of the dungeon, and saw 1 of its levels.

You collected 40 gold pieces.

Inventory:

Hand Weapons
 a - a +0 hand axe of chaos (weapon)
Armour
 b - a +2 leather armour (worn)
Scrolls
 c - a scroll of butterflies
 d - a scroll of blinking {unknown}
 e - 2 scrolls of identify {unknown}


   Skills:
 * Level 3.2 Fighting
 * Level 2.8 Axes
 * Level 2.0 Armour
 * Level 1.1 Dodging
 + Level 0.1 Stealth
 * Level 0.8 Unarmed Combat
 + Level 0.1 Spellcasting


You had one spell level left.
You didn't know any spells.
Your spell library was empty.

Dungeon Overview and Level Annotations

Branches:
Dungeon (1/15)

Altars:


Innate Abilities, Weirdness & Mutations

You have a pair of small horns on your head.


Message History

You are lethally poisoned!
You hit the goblin.
The goblin is poisoned.
The goblin is severely wounded.
You feel very sick.
You kill the goblin!
You are too injured to fight recklessly!
You are too injured to fight recklessly!
You are too injured to fight recklessly!
You are too injured to fight recklessly!
You are too injured to fight recklessly!
You feel very sick.
Things that are here:
a +1 dagger of venom; a goblin corpse
There is a lethal amount of poison in your body!
You aren't carrying any potions.
Okay, then.
You feel sick.
You almost hear Xom's maniacal laughter.
Your 2 scrolls labelled XOQ OL COEGO briefly glow.
* * * LOW HITPOINT WARNING * * *
You feel sick.
You see here a sedimented pink potion.
f - a sedimented pink potion
* * * LOW HITPOINT WARNING * * *
You feel sick.
It was a potion of enlightenment.
You feel very buoyant.
You fly up into the air.
* * * LOW HITPOINT WARNING * * *
You feel sick.
* * * LOW HITPOINT WARNING * * *
You feel sick.
* * * LOW HITPOINT WARNING * * *
You feel sick.
* * * LOW HITPOINT WARNING * * *
You feel sick.
Okay, then.
You aren't carrying any potions.
You die...
Xom cackles wildly!

######### #
#.......########### #
#.................#
######.................#
.....'....)............#
#...##..)..............#
#..###..........@......#
#..# #........#..#######
#.## #........#..# ..#
#........#..# .##
#........#..# .#
#####..#.#..# .+ ...
#..# ## ....


There were no monsters in sight!

Vanquished Creatures
  5 goblins (D:1)
  3 hobgoblins (D:1)
  A jackal (D:1)
  2 ball pythons (D:1)
  A bat (D:1)
  3 frilled lizards (D:1)
  A kobold (D:1)
16 creatures vanquished.

Notes
Turn   | Place    | Note
-------+----------+-------------------------------------------
     0 | D:1      | ezpacito the Demonspawn Chaos Knight began the quest for
                  | the Orb.
     0 | D:1      | Reached XP level 1. HP: 18/18 MP: 1/1
    32 | D:1      | XOM: silly message
    38 | D:1      | Reached skill level 1 in Dodging
    46 | D:1      | Gained mutation: You have a pair of small horns on your
                  | head. [demonic ancestry]
    46 | D:1      | Reached XP level 2. HP: 18/24 MP: 2/2
    59 | D:1      | XOM: silly message
   163 | D:1      | XOM: silly message
   169 | D:1      | HP: 1/24 [poisoned by a goblin]
   170 | D:1      | Succumbed to a goblin's poison

Illustrated notes

Levels and vault maps discovered:
D:1:      dpeg_arrival_orchard, layout_basic, hellmonk_ecumenical_altar_zigzags,
          minmay_hexomino_c4

Skill      XL: |  1  2 |
---------------+-------+-----
Dodging        | 1 |  1.1
Armour         | 2 |  2.0
Fighting       | |  3.2
Axes           | |  2.8
Stealth        | |  0.1
Unarmed Combat | |  0.8
Spellcasting   | |  0.1

Action                     || total
---------------------------++-------
  Melee: Hand axe          ||    36
         Headbutt          ||     2
    Use: Potion            ||     1
 Armour: Leather armour    ||    36
  Dodge: Dodged            ||    33

Table legend: (Time is in decaauts)
 A = Elapsed time spent in this place.
 B = Non-inter-level travel time spent in this place.
 C = Inter-level travel time spent in this place.
 D = Time resting spent in this place.
 E = Time spent auto-exploring this place.
 F = Levels seen in this place.
 G = Mean time per level.
                   A        B        C        D        E       F      G
               +--------+--------+--------+--------+--------+-----+--------+
         Total |    176 |    176 |      0 |      0 |     92 |   1 |  176.0 |
       Dungeon |    176 |    176 |      0 |      0 |     92 |   1 |  176.0 |
               +--------+--------+--------+--------+--------+-----+--------+

Top non-repeatable levels by time:
     D:1: 176 daAuts
